 Dungeon Crawl Stone Soup version 0.30-b1-2-g02819fbbbe (webtiles) character file.

Game seed: 535730678399301477

10712 Garym the Fighter (level 11, -2/102 HPs)
             Began as a Minotaur Fighter on July 18, 2023.
             Was a High Priest of Okawaru.
             Slain by an enormous slime creature (63 damage)
             ... on level 12 of the Dungeon.
             The game lasted 00:29:58 (9594 turns).

Garym the Fighter (Minotaur Fighter)                Turns: 9594, Time: 00:30:00

Health: -2/102     AC: 20    Str: 30    XL:     11   Next: 39%
Magic:  10/10      EV: 10    Int:  5    God:    Okawaru [*****.]
Gold:   515        SH:  6    Dex: 10    Spells: 10/10 levels left

rFire   x . .        M - +2 war axe "Murmur" {protect, rF- rC+ Str+5}
rCold   + . .        c - +0 buckler
rNeg    . . .        N - +2 scale mail {rPois}
rPois   +            (helmet restricted)
rElec   .            n - scarf {repulsion}
rCorr   .            P - +1 pair of gloves {hurl}
SInv    .            (no boots)
Will    +....        F - amulet of regeneration Stlth
                     L - ring of willpower
HPRegen 1.17/turn    (no ring)
MPRegen 0.12/turn

%: repel missiles
@: under a protective aura
A: horns 2, retaliatory headbutt
a: Renounce Religion, Heroism, Finesse, Duel


You were on level 12 of the Dungeon.
You worshipped Okawaru.
Okawaru was extremely pleased with you.
You visited 1 branch of the dungeon, and saw 12 of its levels.

You collected 804 gold pieces.
You spent 289 gold pieces at shops.

Inventory:

Hand Weapons
 f - a +2 broad axe of venom
 M - the +2 war axe "Murmur" (weapon) {protect, rF- rC+ Str+5}
   (You found it on level 7 of the Dungeon)

   Str:       It affects your strength (+5).
   rF:        It makes you vulnerable to fire.
   rC:        It protects you from cold.
Missiles
 t - 9 boomerangs (quivered)
 y - a curare-tipped dart
 D - 6 datura-tipped darts
 I - 2 atropa-tipped darts
 O - 21 poisoned darts
Armour
 c - a +0 buckler (worn)
 n - a scarf of repulsion (worn)
 N - a +2 scale mail of poison resistance (worn)
 P - a +1 pair of gloves of hurling (worn)
Jewellery
 r - a ring of ice
 F - an amulet of regeneration (around neck)
 L - a ring of willpower (left hand)
 S - a ring of ice
Wands
 b - a wand of digging (2)
 K - a wand of flame (25)
 T - a wand of paralysis (5)
Scrolls
 e - 3 scrolls of fear {unknown}
 h - 3 scrolls of blinking {unknown}
 j - a scroll of brand weapon {unknown}
 l - 2 scrolls of amnesia {unknown}
 o - a scroll of enchant weapon
 q - 2 scrolls of summoning {unknown}
 s - 2 scrolls of noise {unknown}
 u - 2 scrolls of vulnerability {unknown}
 v - 3 scrolls of magic mapping
 w - 6 scrolls of teleportation
 A - a scroll of immolation
 B - a scroll of fog
 G - 4 scrolls of poison
 J - a scroll of silence
Potions
 d - 4 potions of might
 i - 6 potions of curing
 m - 3 potions of heal wounds
 C - 2 potions of attraction {unknown}
 E - 2 potions of ambrosia
 H - a potion of experience {unknown}
 Q - a potion of resistance {unknown}
 R - a potion of haste {unknown}


   Skills:
 * Level 11.5 Fighting
 * Level 11.1 Axes
 * Level 11.4 Armour
 * Level 11.4 Shields


You had 10 spell levels left.
You didn't know any spells.
Your spell library contained the following spells:

 Spells                   Type           Power      Damage    Failure   Level
 Scorch                   Fire           0%         2d5       85%         2
 Flame Wave               Conj/Fire      0%         2d4       100%        4
 Summon Cactus Giant      Summ           Unusable   N/A       N/A         6

Dungeon Overview and Level Annotations

Branches:
Dungeon (12/15)            Temple (0/1) D:4            Lair (0/5) D:10
    Orc: D:9-12

Altars:
Ashenzari
Gozag
Okawaru
Ru
Xom
Zin
The Shining One

Shops:
D:1 !   D:2 !   D:7 [


Innate Abilities, Weirdness & Mutations

You have a pair of horns on your head.
You reflexively headbutt those who attack you in melee.


Message History

Two slime creatures merge to form a large slime creature.
The slime creature moves out of view.
You see here 18 gold pieces.
Throw: 9 boomerangs
Press: ? - help, Q - select action, (/) - cycle Shift-Dir - straight line, f - slime creature
Aim: a slime creature (85% to hit)
You throw a boomerang.
The boomerang hits the large slime creature.
The large slime creature is lightly wounded.
Two slime creatures merge to form a very large slime creature.
Throw: 9 boomerangs
Press: ? - help, Q - select action, (/) - cycle Shift-Dir - straight line, f/p - slime creature
Aim: a slime creature (85% to hit)
You throw a boomerang.
The boomerang hits the very large slime creature!
The very large slime creature is lightly wounded.
Throw: 9 boomerangs
Press: ? - help, Q - select action, (/) - cycle Shift-Dir - straight line, f/p - slime creature
Aim: a slime creature (85% to hit)
You throw a boomerang.
The boomerang hits the very large slime creature!
The very large slime creature is lightly wounded.
You slash the very large slime creature!
Your weapon exudes an aura of protection.
The very large slime creature is lightly wounded.
The very large slime creature hits you!!!
Two slime creatures merge to form an enormous slime creature.
You hear an angry buzzing noise.
You slice the enormous slime creature!!
The enormous slime creature is moderately wounded.
You slash the enormous slime creature!
You headbutt the enormous slime creature.
The enormous slime creature is moderately wounded.
You hit the enormous slime creature.
You headbutt the enormous slime creature.
The enormous slime creature is moderately wounded.
A slime creature comes into view.
The enormous slime creature hits you!!!
Ouch! That really hurt!
You die...

... #.# #)# #.#
#.#
##J####.#######
......J........
#@# #.# ###.# #.
##+##...# #.#
#.....#### #
#.####........#
#.##...##....###.#
#....#.##....###.#
#.............#


You could see an enormous slime creature and a slime creature.

Vanquished Creatures
  2 two-headed ogres
  Amaemon (D:11)
  An ugly thing (D:12)
  A manticore (D:11)
  An orange demon (D:11)
  2 unseen horrors
  2 trolls
  Grinder (D:4)
  2 hornets
  A wraith (D:10)
  Eustachio (D:4)
  A shadow (D:10)
  10 yaks
  A wyvern (D:10)
  A vampire mosquito (D:10)
  A water moccasin (D:8)
  5 ice beasts
  2 sky beasts
  7 orc warriors
  2 black bears (D:6)
  An ogre (D:5)
  5 centaurs
  2 kobold brigands
  2 scorpions (D:5)
  4 wights (D:6)
  10 killer bees
  5 howler monkeys (D:9)
  A hound (D:4)
  9 orc priests
  2 gnoll boudas
  A jelly (D:5)
  2 iguanas
  12 orc wizards
  4 sleepcaps
  7 gnolls
  10 adders
  A river rat (D:6)
  2 shadow imps
  A white imp (D:7)
  2 ufetubi
  4 dart slugs
  36 orcs
  4 ball pythons
  7 endoplasms
  4 giant cockroaches
  4 goblins
  2 hobgoblins
  10 kobolds
  4 quokkas
  2 bats
  4 frilled lizards
  8 rats
217 creatures vanquished.

Vanquished Creatures (others)
  3 plants (D:1)
3 creatures vanquished.

Grand Total: 220 creatures vanquished

Notes
Turn   | Place    | Note
-------+----------+-------------------------------------------
     0 | D:1      | Garym the Minotaur Fighter began the quest for the Orb.
     0 | D:1      | Reached XP level 1. HP: 19/19 MP: 0/0
   242 | D:1      | Reached XP level 2. HP: 27/27 MP: 1/1
   452 | D:1      | Found Coegibuj's Distillery.
   461 | D:1      | Bought a potion of curing for 42 gold pieces
   967 | D:2      | Reached XP level 3. HP: 33/33 MP: 2/2
  1146 | D:2      | Found Vole Gywkau's Distillery.
  1871 | D:3      | Found an iron altar of Okawaru.
  1888 | D:3      | Became a worshipper of Warmaster Okawaru
  2186 | D:4      | Found a broken altar of Ashenzari.
  2201 | D:4      | Reached XP level 4. HP: 41/41 MP: 3/3
  2295 | D:4      | Found a staircase to the Ecumenical Temple.
  2728 | D:4      | Noticed Grinder
  2744 | D:4      | HP: 1/41 [Grinder (6)]
  2745 | D:4      | Killed Grinder
  2745 | D:4      | Reached * piety under Okawaru
  2746 | D:4      | Reached skill level 5 in Fighting
  2746 | D:4      | Reached skill level 5 in Armour
  2746 | D:4      | Reached skill level 5 in Shields
  2746 | D:4      | Reached XP level 5. HP: 2/48 MP: 4/4
  2746 | D:4      | Reached XP level 6. HP: 2/56 MP: 5/5
  3133 | D:4      | Noticed Eustachio
  3160 | D:4      | Killed Eustachio
  3161 | D:4      | Reached skill level 5 in Axes
  3161 | D:4      | Reached XP level 7. HP: 37/62 MP: 6/6
  3443 | D:5      | Entered Level 5 of the Dungeon
  3662 | D:5      | Reached ** piety under Okawaru
  4209 | D:5      | Reached XP level 8. HP: 63/71 MP: 7/7
  4318 | D:5      | Found a glowing golden altar of the Shining One.
  5358 | D:6      | Found a glowing drain.
  5701 | D:6      | Reached *** piety under Okawaru
  5702 | D:6      | Reached XP level 9. HP: 77/81 MP: 8/8
  5719 | D:6      | Received a gift from Okawaru
  6409 | D:7      | Identified the +2 war axe "Murmur" {protect, rF- rC+ Str+5}
  6477 | D:7      | Found a shimmering altar of Xom.
  6614 | D:7      | Found an opulent altar of Gozag.
  6614 | D:7      | Found a glowing silver altar of Zin.
  6932 | D:7      | Found Qaop's Armour Shoppe.
  6937 | D:7      | Bought a +1 pair of gloves of hurling for 247 gold pieces
  7101 | D:8      | Found a sacrificial altar of Ru.
  7367 | D:8      | Noticed a two-headed ogre
  7386 | D:8      | Killed a two-headed ogre
  7390 | D:8      | Reached XP level 10. HP: 86/91 MP: 6/9
  7740 | D:9      | Reached **** piety under Okawaru
  8253 | D:9      | Reached skill level 10 in Fighting
  8253 | D:9      | Reached skill level 10 in Armour
  8258 | D:9      | Reached skill level 10 in Shields
  8294 | D:10     | Entered Level 10 of the Dungeon
  8377 | D:10     | Reached ***** piety under Okawaru
  8422 | D:10     | Reached skill level 10 in Axes
  8589 | D:10     | Found a staircase to the Lair.
  8796 | D:10     | Identified the +4 hand axe of Zizimpuh {heavy, *Slow rF+
                  | Will+ Str+5}
  9010 | D:11     | Reached XP level 11. HP: 65/101 MP: 10/10
  9154 | D:11     | Noticed a two-headed ogre
  9166 | D:11     | Killed a two-headed ogre
  9166 | D:11     | Received a gift from Okawaru
  9270 | D:11     | Noticed Amaemon
  9283 | D:11     | Killed Amaemon
  9540 | D:12     | Noticed a white ugly thing
  9551 | D:12     | Killed a white ugly thing
  9594 | D:12     | Slain by an enormous slime creature

Illustrated notes

Levels and vault maps discovered:
D:1:      mrwooster_arrival_statue, layout_loops_ring, serial_shops,
          shop_fountains, serial_bayou_lagoon_b
D:2:      layout_basic, serial_shops, shop, minmay_misc_feat_encased
D:3:      minmay_angry_zag, layout_loops_corners, mainiacjoe_overflow_chevrons,
          eino_tiny_chamber
D:4:      layout_cave_pods, kennysheep_mini_moat, minmay_temple_entry_glass,
          uniq_eustachio, uniq_grinder
D:5:      layout_basic, mainiacjoe_overflow_small_starburst,
          corexii_corridor_pit, guppyfry_early_orc_mine
D:6:      layout_loops_cross, gup_sewer_entry_bubbles
D:7:      layout_loops_cross, grunt_temple_overflow_gold_and_silver,
          mainiacjoe_overflow_paths, serial_shops, shop
D:8:      layout_basic, hangedman_ru_absence
D:9:      layout_roguey
D:10:     layout_loops_ring, minmay_fractal_squares_gapless_5
D:11:     layout_big_octagon, uniq_amaemon
D:12:     layout_basic, erik_orc_1

Skill      XL: |  1  2  3  4  5  6  7  8  9 10 11 |
---------------+----------------------------------+-----
Fighting       | 4 5 6 8 9 10 11 | 11.5
Armour         | 4 5 6 8 9 10 11 | 11.4
Shields        | 4 5 6 8 9 10 11 | 11.4
Axes           | 3 4 5 6 7 8 10 11 | 11.1

Action                     |  1- 3 |  4- 6 |  7- 9 | 10-12 || total
---------------------------+-------+-------+-------+-------++-------
  Melee: War axe           |    73 |    65 |   241 |   211 ||   590
         Headbutt          |     6 |    10 |    41 |    46 ||   103
  Throw: Dart              |       |       |     3 |     6 ||     9
         Boomerang         |       |       |       |     3 ||     3
 Invoke: Heroism           |       |       |     4 |     4 ||     8
         Finesse           |       |       |       |     1 ||     1
    Use: Scroll            |       |       |       |    14 ||    14
 Armour: Scale mail        |    32 |    23 |   103 |   142 ||   300
  Dodge: Dodged            |    27 |    24 |   114 |    86 ||   251
         Repelled          |       |       |     2 |       ||     2
  Block: Buckler           |    25 |    12 |    54 |    79 ||   170
